 Dungeon Crawl Stone Soup version 0.31-a0-940-gdaa99269f9 (webtiles) character file.

Game seed: 3822777787770993457

1173 Ahpoh the Carver (level 8, -1/64 HPs)
             Began as a Barachi Fighter on Oct 20, 2023.
             Was an Initiate of Cheibriados.
             Engulfed by a steam dragon's steam (12 damage)
             ... on level 5 of the Dungeon.
             The game lasted 00:14:28 (5421 turns).

Ahpoh the Carver (Barachi Fighter)                  Turns: 5421, Time: 00:14:30

Health: -1/64      AC: 12    Str: 19      XL:     8   Next: 41%
Magic:  8/8        EV: 10    Int: 10      God:    Cheibriados [......]
Gold:   264        SH:  5    Dex: 11 (14) Spells: 7/7 levels left

rFire   . . .        a - +0 long sword
rCold   . . .        c - +0 buckler
rNeg    + . .        b - +0 scale mail
rPois   .            m - +2 hat
rElec   .            p - +0 cloak
rCorr   .            (no gloves)
SInv    .            h - +0 pair of boots
Will    +....        i - amulet of the acrobat Stlth
                     r - ring of positive energy
HPRegen 0.30/turn    (no ring)
MPRegen 0.11/turn

%: acrobat
@: mighty, unable to hop, enlightened, flying, very slow
A: amphibious, slowness 1, strong legs 1, +LOS
a: Hop, Renounce Religion


You were on level 5 of the Dungeon.
You worshipped Cheibriados.
Cheibriados was noncommittal.
You visited 2 branches of the dungeon, and saw 6 of its levels.
You also visited: Ossuary.

You collected 264 gold pieces.

Inventory:

Hand Weapons
 a - a +0 long sword (weapon)
Missiles
 l - 4 poisoned darts (quivered)
Armour
 b - a +0 scale mail (worn)
 c - a +0 buckler (worn)
 h - a +0 pair of boots (worn)
 m - a +2 hat (worn)
 p - a +0 cloak (worn)
 w - a +0 plate armour
 A - a +0 helmet
 J - a +0 plate armour
Jewellery
 i - an amulet of the acrobat (around neck)
 r - a ring of positive energy (left hand)
 C - an amulet of faith
 K - a ring of poison resistance
Wands
 B - a wand of charming (7)
Scrolls
 j - 3 scrolls of brand weapon {unknown}
 k - 3 scrolls of noise {unknown}
 o - 3 scrolls of teleportation {unknown}
 u - a scroll of torment {unknown}
 v - 2 scrolls of immolation {unknown}
 x - 4 scrolls of enchant weapon {unknown}
 y - a scroll of fog {unknown}
 F - a scroll of revelation {unknown}
 G - a scroll of blinking {unknown}
Potions
 e - a potion of curing
 f - a potion of enlightenment
 g - 2 potions of lignification
 n - 2 potions of heal wounds {unknown}
 q - a potion of magic {unknown}
 s - 3 potions of haste
 t - 2 potions of mutation
 z - a potion of ambrosia {unknown}
 D - a potion of degeneration {unknown}
 E - a potion of cancellation {unknown}
 H - a potion of invisibility {unknown}
 I - 2 potions of brilliance {unknown}


   Skills:
 * Level 5.9 Fighting
 * Level 8.3 Long Blades
 * Level 5.8 Armour
 * Level 3.1 Dodging
 * Level 4.8 Shields


You had 7 spell levels left.
You didn't know any spells.
Your spell library contained the following spells:

 Spells                   Type           Power      Damage    Failure   Level
 Ignite Poison            Fire/Tmut/Pois 0%         N/A       98%         3
 Sticky Flame             Conj/Fire      0%         2d3       100%        4
 Ignition                 Fire           0%         3d3       100%        8


Dungeon Overview and Level Annotations

Branches:
Dungeon (5/15)             Temple (1/1) D:5         Ossuary (visited)

Altars:
Ashenzari
Cheibriados
Dithmenos
Elyvilon
Hepliaklqana
Kikubaaqudgha
Nemelex Xobeh
Okawaru
Ru
Sif Muna
Trog
Wu Jian
Xom
Yredelemnul
Zin
The Shining One


Innate Abilities, Weirdness & Mutations

You are amphibious.
You cover ground slowly.
You can hop short distances.
You have an extended range of vision and can be seen from far away.


Message History

The adder bites you.
You are more poisoned.
The adder poisons you!
You barely miss the steam dragon.
The steam dragon is heavily wounded.
You feel sick. The steam dragon completely misses you.
The steam dragon claws you but does no damage.
The ufetubus hits you but does no damage.
The ufetubus hits you.
* * * LOW HITPOINT WARNING * * *
You block the adder's attack.
You feel better. The ufetubus barely misses you.
The ufetubus closely misses you. You block the steam dragon's attack.
The steam dragon misses you. You block the adder's attack.
The ufetubus misses you. The ufetubus barely misses you.
You closely miss the ufetubus.
The ufetubus is heavily wounded.
The adder barely misses you. The steam dragon breathes steam at you.
The ball of steam hits you!
* * * LOW HITPOINT WARNING * * *
The ufetubus hits you.
* * * LOW HITPOINT WARNING * * *
The ufetubus hits you.
* * * LOW HITPOINT WARNING * * *
You block the adder's attack.
Okay, then.
You feel better.
You are engulfed in a cloud of scalding steam.
* * * LOW HITPOINT WARNING * * *
You block the ufetubus's attack.
The ufetubus hits you but does no damage.
The steam dragon bites you but does no damage.
The steam dragon claws you but does no damage.
The adder bites you but does no damage. The ufetubus barely misses you.
The ufetubus closely misses you.
You feel very buoyant.
You fly up into the air.
You are engulfed in a cloud of scalding steam.
You die...

####### ##########...P.♣
...........#♣§§♣######.P~.~~
#########...§§♣....5.....♣.♣
#.....§§D§######.....#
#.#....5@S.# #..# #.#.######.#
#### #..# ######.#.### #.# ...
#..# ## #....#.....# #.# #..#..#
#. #.##.#.#.#.####.# #..#..###.
#.##............. #......)).
####.##.#.#.#.####..#######..###.
#.......#.....# ##. ..#.....###.
.....##.#.#.### ###>#....>.^..


You could see a steam dragon (catching breath), an adder and an ufetubus.

Vanquished Creatures
  A wraith (Ossuary)
  A water moccasin (D:5)
  A centaur (D:5)
  A phantom (D:5)
  An elf skeleton (D:4)
  A howler monkey (D:5)
  A quasit (D:5)
  A jelly (D:3)
  4 centaur zombies (Ossuary)
  A hound (D:4)
  A bullfrog zombie (Ossuary)
  2 orc priests
  A human zombie (D:4)
  An iguana (D:5)
  Terence (D:3)
  A human skeleton (D:4)
  An orc wizard (D:5)
  An ogre zombie (Ossuary)
  7 adders
  A gnoll (D:2)
  A shadow imp (D:5)
  A white imp (D:5)
  An ufetubus (D:5)
  2 adder zombies (Ossuary)
  4 worms
  A dart slug (D:2)
  18 orcs
  3 endoplasms
  A giant cockroach (D:1)
  4 gnoll zombies (Ossuary)
  6 goblins
  8 hobgoblins
  2 jackals (D:1)
  6 kobolds
  2 quokkas (D:4)
  3 ball pythons
  9 bats
  3 frilled lizards
  3 goblin zombies (Ossuary)
  3 hobgoblin zombies (Ossuary)
  3 orc skeletons (D:4)
  2 orc zombies (Ossuary)
  5 rats
121 creatures vanquished.

Notes
Turn   | Place    | Note
-------+----------+-------------------------------------------
     0 | D:1      | Ahpoh the Barachi Fighter began the quest for the Orb.
     0 | D:1      | Reached XP level 1. HP: 18/18 MP: 1/1
   249 | D:1      | Reached XP level 2. HP: 24/25 MP: 2/2
   622 | D:1      | Found a faded altar of an unknown god.
   950 | D:2      | Reached skill level 3 in Long Blades
   950 | D:2      | Reached XP level 3. HP: 29/30 MP: 3/3
  1813 | D:2      | Reached XP level 4. HP: 38/38 MP: 4/4
  1881 | D:3      | Noticed a scorpion
  2074 | D:3      | Noticed Terence
  2110 | D:3      | Killed Terence
  2111 | D:3      | Reached skill level 4 in Long Blades
  2111 | D:3      | Reached XP level 5. HP: 17/43 MP: 5/5
  2351 | D:3      | Reached skill level 1 in Dodging
  3162 | D:3      | Reached XP level 6. HP: 26/50 MP: 6/6
  3255 | D:4      | Reached skill level 5 in Long Blades
  3584 | D:4      | Found a sand-covered staircase.
  3591 | D:4      | Reached skill level 5 in Fighting
  3594 | Ossuary  | Entered an ossuary
  3752 | Ossuary  | Reached skill level 6 in Long Blades
  3766 | Ossuary  | Reached skill level 5 in Armour
  3766 | Ossuary  | Reached XP level 7. HP: 37/56 MP: 7/7
  3791 | Ossuary  | Noticed a wraith
  3802 | Ossuary  | Killed a wraith
  3803 | Ossuary  | Noticed a silent spectre
  3949 | D:4      | Reached skill level 7 in Long Blades
  4532 | D:5      | Entered Level 5 of the Dungeon
  4627 | D:5      | Found a staircase to the Ecumenical Temple.
  4640 | D:5      | Reached XP level 8. HP: 62/64 MP: 8/8
  4745 | Temple   | Entered the Ecumenical Temple
  4756 | Temple   | Became a worshipper of Cheibriados the Contemplative
  4830 | D:5      | Reached skill level 8 in Long Blades
  5116 | D:5      | Identified the +0 robe "Hovviwk Kovo" {rN+}
  5214 | D:5      | Found a hazy altar of Hepliaklqana.
  5421 | D:5      | Engulfed by a steam dragon's steam

Illustrated notes

Levels and vault maps discovered:
D:1:      kilobyte_arrival_exit_the_forest, layout_loops_cross,
          basic_ecumenical_altar
D:2:      kb_forest_paths, layout_loops_ring, grunt_decor_one_mirror
D:3:      layout_basic, grunt_ministairs_13, uniq_terence
D:4:      layout_basic, nicolae_ossuary_entry_catacombs, minivault_4
D:5:      layout_loops_ring, mainiacjoe_overflow_paths,
          minmay_temple_entry_sparse_star, serial_demonic, serial_demonic_b,
          serial_demonic_f, serial_demonic_f, serial_demonic_d
Temple:   hellmonk_temple_two_chambers

Skill      XL: |  1  2  3  4  5  6  7  8 |
---------------+-------------------------+-----
Fighting       | 4 5 |  5.9
Long Blades    | 3 4 6 7 8 |  8.3
Armour         | 4 5 |  5.8
Dodging        | 1 2 3 |  3.1
Shields        | 4 |  4.8

Action                     |  1- 3 |  4- 6 |  7- 9 || total
---------------------------+-------+-------+-------++-------
  Melee: Long sword        |   128 |   251 |   235 ||   614
  Throw: Dart              |       |     2 |       ||     2
Ability: Hop               |       |     2 |     2 ||     4
    Use: Scroll            |     3 |       |     2 ||     5
         Potion            |       |     2 |     6 ||     8
 Armour: Scale mail        |    79 |   216 |   255 ||   550
  Dodge: Dodged            |    69 |   129 |   200 ||   398
  Block: Buckler           |    21 |    89 |    86 ||   196

Table legend: (Time is in decaauts)
 A = Elapsed time spent in this place.
 B = Non-inter-level travel time spent in this place.
 C = Inter-level travel time spent in this place.
 D = Time resting spent in this place.
 E = Time spent auto-exploring this place.
 F = Levels seen in this place.
 G = Mean time per level.
                   A        B        C        D        E       F      G
               +--------+--------+--------+--------+--------+-----+--------+
         Total |   6433 |   6417 |     16 |    391 |   3598 |   7 |  919.0 |
       Dungeon |   6077 |   6061 |     16 |    391 |   3598 |   5 | 1215.4 |
        Temple |     29 |     29 |      0 |      0 |      0 |   1 |   29.0 |
       Ossuary |    327 |    327 |      0 |      0 |      0 |   1 |  327.0 |
               +--------+--------+--------+--------+--------+-----+--------+

Top non-repeatable levels by time:
     D:3: 1555 daAuts
     D:4: 1190 daAuts
     D:2: 1190 daAuts
     D:5: 1094 daAuts
     D:1: 1046 daAuts
 Ossuary: 327 daAuts
  Temple: 29 daAuts
